 Dungeon Crawl Stone Soup version 0.27-a0-1290-g15d3ce7508 (webtiles) character file.

Game seed: 4257641805801644537

253 Delamore the Covered (level 6, 0/49 HPs)
             Began as a Formicid Fighter on June 15, 2021.
             Slain by an iguana (7 damage)
             ... on level 4 of the Dungeon.
             The game lasted 00:03:48 (4056 turns).

Delamore the Covered (Formicid Fighter)             Turns: 4056, Time: 00:03:48

Health: 0/49       AC:  8    Str: 23    XL:     6   Next: 37%
Magic:  6/6        EV:  8    Int:  7    God:
Gold:   102        SH: 10    Dex: 10    Spells: 5/5 levels left

rFire    . . .     SeeInvis +   a - +0 war axe
rCold    . . .     Faith    .   c - +1 kite shield
rNeg     . . .     Spirit   .   b - +0 scale mail
rPois    .         Reflect  .   (helmet unavailable)
rElec    .         Harm     .   (no cloak)
rCorr    .         Rampage  .   (no gloves)
Will     .....                  s - +0 pair of boots
Stlth    ..........             h - amulet of the acrobat
HPRegen  0.16/turn              (no ring)
MPRegen  0.10/turn              (no ring)

@: studying Armour
A: permanent stasis, dig shafts and tunnels, antennae 3, four strong arms
a: Dig, Shaft Self


You were on level 4 of the Dungeon.
You visited 1 branch of the dungeon, and saw 4 of its levels.

You collected 102 gold pieces.

Inventory:

Hand Weapons
 a - a +0 war axe (weapon)
 o - a +3 vampiric whip
Missiles
 p - 3 boomerangs
Armour
 b - a +0 scale mail (worn)
 c - a +1 kite shield (worn)
 s - a +0 pair of boots (worn)
Jewellery
 h - an amulet of the acrobat (around neck)
Wands
 q - a wand of digging (5)
Scrolls
 g - a scroll of holy word
 i - a scroll of blinking {unknown}
 n - a scroll of enchant armour
 r - a scroll of fear
 t - a scroll of immolation
Potions
 d - a potion of might
 e - 2 potions of mutation {unknown}
 f - 2 potions of brilliance {unknown}
 j - 2 potions of resistance {unknown}
 k - a potion of magic {unknown}
 l - a potion of haste {unknown}
 m - a potion of lignification {unknown}


   Skills:
 + Level 4.6 Fighting
 * Level 4.7 Axes
 + Level 5.3 Armour
 - Level 3.6 Shields


You had 5 spell levels left.
You didn't know any spells.
Your spell library contained the following spells:

 Spells                   Type           Power      Damage    Failure   Level
 Animate Skeleton         Necr           0%         N/A       98%         1
 Pain                     Necr           0%         1d4       98%         1
 Vampiric Draining        Necr           0%         2d6       100%        3
 Animate Dead             Necr           0%         N/A       100%        4
 Agony                    Necr           0%         N/A       100%        5


Dungeon Overview and Level Annotations

Branches:
Dungeon (4/15)
 Temple: D:4-7

Altars:
Xom

Shops:
D:3 :[


Innate Abilities, Weirdness & Mutations

You cannot be hasted, slowed, berserked, paralysed or teleported.
You can dig through walls and to a lower floor.
You have a pair of large antennae on your head. (SInv)
Your four strong arms can wield two-handed weapons with a shield.


Message History

You hear the slow rusting of a drain nearby.
A goblin comes into view. It is wielding a +0 club.
The goblin shouts!
You hear an angry hiss.
An iguana comes into view.
Found 18 gold pieces.
You slash the goblin!
You kill the goblin!
You barely miss the iguana. You block the iguana's attack.
You hit the iguana.
The iguana is lightly wounded.
The iguana bites you! You block the iguana's attack.
You are too injured to fight recklessly!
You are too injured to fight recklessly!
You slash the iguana!
The iguana is severely wounded.
You block the iguana's attack.
You completely miss the iguana.
The iguana is heavily wounded.
The iguana closely misses you. The iguana bites you.
* * * LOW HITPOINT WARNING * * *
You closely miss the iguana.
The iguana is heavily wounded.
You block the iguana's attack.
You hit the iguana.
The iguana is severely wounded.
The iguana barely misses you. You block the iguana's attack.
You barely miss the iguana.
The iguana is severely wounded.
The iguana bites you but does no damage.
You barely miss the iguana.
The iguana is severely wounded.
The iguana barely misses you. x2
You closely miss the iguana.
The iguana is severely wounded.
The iguana bites you!
* * * LOW HITPOINT WARNING * * *
You closely miss the iguana.
The iguana is severely wounded.
The iguana bites you!
You die...

#.###........
##.#.......##>
#.......##.##.
#.......##....
#....##.......
#..####.######
#..####.#
######......#.
#.@........###
#l##.#..###.#
.........#.#....#
.#
......$....#.##.#
. #........###.#
.# ##...#..## #.#
# ##..#... ..# #.
#.## ## #. #.


You could see an iguana.

Vanquished Creatures
  A centaur (D:4)
  6 adders
  4 gnolls
  2 worms
  4 dart slugs
  2 orcs (D:3)
  7 ball pythons
  7 bats
  3 endoplasms
  A giant cockroach (D:3)
  8 goblins
  3 hobgoblins
  6 jackals (D:2)
  5 kobolds
  3 quokkas
  3 frilled lizards
  4 rats
69 creatures vanquished.

Notes
Turn   | Place    | Note
-------+----------+-------------------------------------------
     0 | D:1      | Delamore the Formicid Fighter began the quest for the Orb.
     0 | D:1      | Reached XP level 1. HP: 18/18 MP: 1/1
   181 | D:1      | Reached XP level 2. HP: 24/24 MP: 2/2
   528 | D:1      | Identified a scroll of acquirement
   528 | D:1      | Acquired a manual of Armour
   638 | D:2      | Reached XP level 3. HP: 29/30 MP: 3/3
  1016 | D:2      | Reached XP level 4. HP: 36/37 MP: 4/4
  1244 | D:2      | Reached skill level 4 in Armour
  1650 | D:3      | Found Aplep's Antique Armour Boutique.
  1847 | D:3      | Found Loklal's Book Emporium.
  1920 | D:3      | Found a faded altar of an unknown god.
  1993 | D:3      | Reached XP level 5. HP: 31/42 MP: 5/5
  2921 | D:3      | Found a shimmering altar of Xom.
  3961 | D:4      | Noticed a centaur
  3976 | D:4      | Killed a centaur
  3977 | D:4      | Reached skill level 5 in Armour
  3977 | D:4      | Reached XP level 6. HP: 14/49 MP: 6/6
  4056 | D:4      | Slain by an iguana

Illustrated notes

Levels and vault maps discovered:
D:1:      matt_arrival_los_fun, layout_basic
D:2:      layout_loops_corners
D:3:      minmay_chambers_of_threes, layout_basic, lemuel_crystal_altar,
          basic_ecumenical_altar, serial_shops, shop, shop
D:4:      layout_loops_cross, gammafunk_ghost_cemetery, gup_sewer_entry_glass,
          hangedman_decor_opposing, minmay_manual_monolith

Skill      XL: |  1  2  3  4  5 |
---------------+----------------+-----
Axes           | 3 4 |  4.7
Armour         | 4 5 |  5.3
Fighting       | 4 |  4.6
Shields        | |  3.6

Action                   |  1- 3 |  4- 6 || total
-------------------------+-------+-------++-------
Melee: War axe           |    82 |   163 ||   245
       Whip              |       |     8 ||     8
 Abil: Dig               |       |     7 ||     7
  Use: Scroll            |     5 |     3 ||     8
Armor: Scale mail        |    45 |    74 ||   119
Dodge: Dodged            |    39 |    80 ||   119
Block: Kite shield       |    53 |   132 ||   185

Table legend: (Time is in decaauts)
 A = Elapsed time spent in this place.
 B = Non-inter-level travel time spent in this place.
 C = Inter-level travel time spent in this place.
 D = Time resting spent in this place.
 E = Time spent auto-exploring this place.
 F = Levels seen in this place.
 G = Mean time per level.
                   A        B        C        D        E       F      G
               +--------+--------+--------+--------+--------+-----+--------+
         Total |   4184 |   4105 |     79 |   1004 |   2328 |   4 | 1046.0 |
       Dungeon |   4184 |   4105 |     79 |   1004 |   2328 |   4 | 1046.0 |
               +--------+--------+--------+--------+--------+-----+--------+

Top non-repeatable levels by time:
     D:3: 2063 daAuts
     D:2: 1422 daAuts
     D:1: 563 daAuts
     D:4: 134 daAuts
